 Dungeon Crawl Stone Soup version 0.27-a0-291-gd9602db6ee (webtiles) character file.

Game seed: 9947267312302032371

1096 Ladon the Cudgeller (level 8, 70/70 HPs)
             Began as a Minotaur Berserker on Feb 9, 2021.
             Was a Priest of Trog.
             Got out of the dungeon alive.
             The game lasted 00:16:43 (5217 turns).

Ladon the Cudgeller (Minotaur Berserker)            Turns: 5217, Time: 00:16:44

Health: 70/70      AC:  9    Str: 24    XL:     8   Next: 10%
Magic:  7/7        EV: 12    Int:  4    God:    Trog [***...]
Gold:   233        SH:  0    Dex: 10    Spells: 7/7 levels left

rFire    x . .     SeeInvis .   a - +1 morningstar (vamp)
rCold    + . .     Faith    .   (no shield)
rNeg     . . .     Spirit   .   l - +0 ring mail (curse)
rPois    .         Reflect  .   (helmet restricted)
rElec    .         Harm     .   (no cloak)
rCorr    .         Rampage  .   i - +0 pair of gloves
Will     .....                  j - +0 pair of boots
Stlth    ..........             p - amulet of regeneration
HPRegen  0.61/turn              s - ring of ice
MPRegen  0.10/turn              (no ring)

@: no status effects
A: retaliatory headbutt, horns 2
a: Renounce Religion, Berserk, Trog's Hand


You escaped.
You worshipped Trog.
Trog was most pleased with you.
You visited 1 branch of the dungeon, and saw 5 of its levels.

You collected 233 gold pieces.

Inventory:

Hand Weapons
 a - a +1 vampiric morningstar (weapon)
 b - a +0 mace of holy wrath
 u - a +0 whip of venom
Armour
 i - a +0 pair of gloves (worn)
 j - a +0 pair of boots (worn)
 l - a cursed +0 ring mail (worn)
 n - a cursed +0 scale mail
 r - a +0 scale mail
Jewellery
 p - an amulet of regeneration (around neck)
 s - a ring of ice (left hand)
Scrolls
 c - a scroll of teleportation {unknown}
 d - 3 scrolls of blinking {unknown}
 e - 3 scrolls of amnesia {unknown}
 f - a scroll of enchant armour {unknown}
 h - 6 scrolls of identify {unknown}
 k - a scroll of enchant weapon {unknown}
 q - a scroll of remove curse {unknown}
 t - a scroll of magic mapping {unknown}
 x - a scroll of fear {unknown}
Potions
 g - a potion of attraction {unknown}
 m - a potion of curing {unknown}
 o - a potion of degeneration {unknown}
 v - 2 potions of magic {unknown}
 w - a potion of might {unknown}
 z - a potion of cancellation {unknown}


   Skills:
 + Level 5.7 Fighting
 + Level 7.8 Maces & Flails
 * Level 7.3 Armour
 + Level 4.1 Dodging


You had 7 spell levels left.
You didn't know any spells.
Your spell library was empty.

Dungeon Overview and Level Annotations

Branches:
Dungeon (5/15)             Temple (0/1) D:4

Altars:
Ashenzari
Cheibriados
Fedhas
Hepliaklqana
Ru
Sif Muna
Trog
Wu Jian

Shops:
D:5 [


Innate Abilities, Weirdness & Mutations

You reflexively headbutt those who attack you in melee.
You have a pair of horns on your head.


Message History

There is a stone staircase leading up here.
You climb upwards.
There is a stone staircase leading down here.
There is a stone staircase leading up here.
You climb upwards.
There is a stone staircase leading down here.
You see here a club.
There is a stone staircase leading up here.
You climb upwards.
There is a stone staircase leading down here.
There is an open door here.
There is a staircase leading out of the dungeon here.
Are you sure you want to leave the Dungeon?
This will make you lose the game!
Uppercase [Y]es or [N]o only, please.
Are you sure you want to leave the Dungeon?
This will make you lose the game! [Y]es or [N]o only, please.
Are you sure you want to leave the Dungeon?
This will make you lose the game! [Y]es or [N]o only, please.
Are you sure you want to leave the Dungeon?
This will make you lose the game!
You have escaped!

#.#####..###.>..#
#...# #..# ##..##
####.#.###..####..#
#.##'#+##.........#
#.#.....#.........#
#.'.....+.....)...#
#.#..8..#..).....##
#.+.....'.....)..#
#.#..@..#........#
#.#######..#####.#
### #....# #..#
#.#### ##.## #.#
#..# #.# ##.## #.#
#..# #.# #.## #.#
#.#


There were no monsters in sight!

Vanquished Creatures
  An oklob plant (D:3)
  A necrophage (D:5)
  2 ogres (D:5)
  A centaur zombie (D:5)
  2 hounds (D:4)
  An orc priest (D:4)
  A bullfrog skeleton (D:5)
  An iguana (D:4)
  An orc wizard (D:3)
  2 worker ants
  3 river rats (D:3)
  5 adders
  2 oozes
  3 worms
  2 dart slugs
  4 leopard geckos
  10 orcs
  2 ball pythons (D:3)
  5 bats
  5 giant cockroaches
  6 goblins
  15 hobgoblins
  4 jackals (D:1)
  6 kobolds
  3 frilled lizards
  A quokka skeleton (D:4)
  9 rats
98 creatures vanquished.

Vanquished Creatures (others)
  6 fungi (D:3)
  10 plants (D:3)
  11 toadstools (D:3)
27 creatures vanquished.

Grand Total: 125 creatures vanquished

Notes
Turn   | Place    | Note
-------+----------+-------------------------------------------
     0 | D:1      | Ladon the Minotaur Berserker began the quest for the Orb.
     0 | D:1      | Reached XP level 1. HP: 19/19 MP: 0/0
    20 | D:1      | Reached XP level 2. HP: 20/27 MP: 1/1
   808 | D:1      | Reached ** piety under Trog
   811 | D:1      | Reached XP level 3. HP: 31/33 MP: 2/2
  1279 | D:2      | Found a hazy altar of Hepliaklqana.
  1280 | D:2      | Found a bloodstained altar of Trog.
  1453 | D:2      | Found a broken altar of Ashenzari.
  1691 | D:2      | Found a shimmering blue altar of Sif Muna.
  2007 | D:3      | Reached XP level 4. HP: 35/41 MP: 3/3
  2042 | D:3      | Reached skill level 5 in Maces & Flails
  2329 | D:3      | Found an ornate altar of the Wu Jian Council.
  2347 | D:3      | Found a blossoming altar of Fedhas.
  2359 | D:3      | Noticed an oklob plant
  2717 | D:3      | Reached XP level 5. HP: 40/47 MP: 4/4
  2753 | D:3      | Reached *** piety under Trog
  3146 | D:3      | You fall into a shaft and drop 2 floors!
  3146 | D:5      | Entered Level 5 of the Dungeon
  3147 | D:5      | Noticed an ogre
  3151 | D:5      | Noticed an ogre
  3191 | D:5      | Noticed a necrophage
  3238 | D:5      | Found Sonynn's Antique Armour Shoppe.
  3440 | D:4      | Reached XP level 6. HP: 53/55 MP: 5/5
  3582 | D:4      | Reached skill level 5 in Fighting
  3787 | D:4      | Found a staircase to the Ecumenical Temple.
  3800 | D:4      | Found a snail-covered altar of Cheibriados.
  3911 | D:4      | Found a sacrificial altar of Ru.
  4094 | D:3      | HP: 1/84 [acid (15)]
  4095 | D:3      | Killed an oklob plant
  4096 | D:3      | Reached XP level 7. HP: 2/61 MP: 6/6
  5082 | D:5      | Reached XP level 8. HP: 70/70 MP: 7/7
  5217 | D:$      | Got out of the dungeon alive.

Illustrated notes

Levels and vault maps discovered:
D:1:      minmay_arrival_solitary_statue, layout_basic, serial_rivers,
          chequers_serial_rivers_marsh, chequers_serial_rivers_micro_d,
          chequers_serial_rivers_micro_e, chequers_serial_rivers_micro_c,
          st_stairs_3
D:2:      layout_rooms, nicolae_ashenzari_panopticon, led_sif_pool, minitemple,
          minmay_quantized
D:3:      layout_loops_ring, nicolae_overflow_hidden_temple,
          portal_sewer_entry_e, chequers_serial_rivers_small_b, tgw_fedhas
D:4:      layout_basic, cheibriados_altar_1, minmay_temple_entry_steel_oval,
          nicolae_ru_sacrificial_ziggurat
D:5:      layout_basic, yredelemnul_forgotten_temple_becter, serial_shops,
          nicolae_shop_trees, hangedman_abyss_or_decor_passed

Skill      XL: |  1  2  3  4  5  6  7 |
---------------+----------------------+-----
Maces & Flails | 4 5 7 |  7.8
Fighting       | 4 5 |  5.7
Armour         | 3 4 6 7 |  7.3
Dodging        | 3 4 |  4.1

Action                   |  1- 3 |  4- 6 |  7- 9 || total
-------------------------+-------+-------+-------++-------
Melee: Mace              |    95 |   121 |     4 ||   220
       Headbutt          |    12 |    28 |    22 ||    62
       Morningstar       |       |    10 |    42 ||    52
       Whip              |       |     3 |       ||     3
Invok: Berserk           |       |     4 |       ||     4
Armor: Animal skin       |     7 |       |       ||     7
       Ring mail         |    21 |    43 |     9 ||    73
Dodge: Dodged            |    58 |    83 |    16 ||   157

Table legend: (Time is in decaauts)
 A = Elapsed time spent in this place.
 B = Non-inter-level travel time spent in this place.
 C = Inter-level travel time spent in this place.
 D = Time resting spent in this place.
 E = Time spent auto-exploring this place.
 F = Levels seen in this place.
 G = Mean time per level.
                   A        B        C        D        E       F      G
               +--------+--------+--------+--------+--------+-----+--------+
         Total |   5304 |   4802 |    502 |    495 |   3287 |   5 | 1060.8 |
       Dungeon |   5304 |   4802 |    502 |    495 |   3287 |   5 | 1060.8 |
               +--------+--------+--------+--------+--------+-----+--------+

Top non-repeatable levels by time:
     D:3: 1815 daAuts
     D:1: 1230 daAuts
     D:4: 1199 daAuts
     D:2: 837 daAuts
     D:5: 222 daAuts
